TOP OF THE 1ST |
Lake County Captains batting - Pitching for Cedar Rapids Kernels : LHP Bobby Shaw
|
Pitching: LHP Bobby Shaw
|
|
Batting: RHB George Wagner
|
0-0: Ball 1-0: Called Strike 1-1: Bunt missed! 1-2: Ball 2-2: Ground out 6-3 (Groundball, 6, EV 106.2 MPH)
|
Batting: RHB Steve Gusman
|
0-0: Ball 1-0: Ball 2-0: Called Strike 2-1: Bunt for hit to 15 - play at first, batter OUT! 1-3
|
Batting: RHB Josh Patterson
|
0-0: Ball 1-0: Foul Ball, location: 2F 1-1: Ball 2-1: SINGLE (Groundball, 6MS, EV 70.0 MPH) (infield hit)
|
Batting: LHB Jeff Palmowski
|
0-0: Ball 1-0: Ball 2-0: Ball 3-0: Base on Balls Josh Patterson to second
|
Batting: RHB Carlos Salazar
|
0-0: Called Strike 0-1: Ball 1-1: Called Strike 1-2: Foul Ball, location: 2F 1-2: Ball 2-2: Foul Ball, location: 2F 2-2: Foul Ball, location: 2F 2-2: Ball 3-2: DOUBLE (Line Drive, 7LS, EV 108.1 MPH) Josh Patterson scores Jeff Palmowski to third Jeff Palmowski scores
|
Batting: RHB Chris Diaz
|
0-0: Called Strike 0-1: Swinging Strike 0-2: Ball 1-2: Foul Ball, location: 2F 1-2: Ball 2-2: Strikes out swinging
|
Top of the 1st over - 2 runs, 2 hits, 0 errors, 1 left on base; Lake County 2 - Cedar Rapids 0 |
BOTTOM OF THE 1ST |
Cedar Rapids Kernels batting - Pitching for Lake County Captains : RHP Jeff Degel
|
Pitching: RHP Jeff Degel
|
|
Batting: RHB Kevin Harris
|
0-0: Fly out, F9 (Flyball, 9, EV 92.5 MPH)
|
Batting: RHB Steve Raine
|
0-0: Called Strike 0-1: Foul Ball, location: 2F 0-2: Ground out 4-3 (Groundball, 4M, EV 83.8 MPH)
|
Batting: LHB Kuemon Shishido
|
0-0: Called Strike 0-1: Ball 1-1: Fly out, F5 (Popup, 5F, EV 74.4 MPH)
|
Bottom of the 1st over - 0 runs, 0 hits, 0 errors, 0 left on base; Lake County 2 - Cedar Rapids 0 |
TOP OF THE 2ND |
Lake County Captains batting - Pitching for Cedar Rapids Kernels : LHP Bobby Shaw
|
Batting: LHB Aaron Caron
|
0-0: Ball 1-0: Ball 2-0: Foul Ball, location: 2F 2-1: Foul Ball, location: 2F 2-2: Ground out U3 (Groundball, 34, EV 85.0 MPH)
|
Batting: LHB Rich Walker
|
0-0: Ground out 4-3 (Groundball, 4, EV 104.4 MPH)
|
Batting: RHB Jeremy Givens
|
0-0: Called Strike 0-1: Ground out 4-3 (Groundball, 34, EV 83.8 MPH)
|
Top of the 2nd over - 0 runs, 0 hits, 0 errors, 0 left on base; Lake County 2 - Cedar Rapids 0 |
BOTTOM OF THE 2ND |
Cedar Rapids Kernels batting - Pitching for Lake County Captains : RHP Jeff Degel
|
Batting: LHB Shaun Price
|
0-0: Called Strike 0-1: Ball 1-1: Ball 2-1: Foul Ball, location: 2F 2-2: Ball 3-2: Base on Balls
|
Batting: RHB Nate Matson
|
0-0: Swinging Strike 0-1: Called Strike 0-2: Foul Ball, location: 2F 0-2: Ball 1-2: Ball 2-2: Strikes out looking
|
Batting: LHB Marvin Shepherd
|
0-0: DOUBLE (Line Drive, 7LM, EV 106.9 MPH) Shaun Price to third Runner from 3rd tries for Home, SAFE, throw by LF to home
|
Batting: LHB Hector Olvera
|
0-0: Swinging Strike 0-1: Ball 1-1: Ball 2-1: Ball 3-1: Called Strike 3-2: Strikes out swinging
|
Batting: RHB Andrew Rich
|
0-0: Called Strike 0-1: Called Strike 0-2: Foul Ball, location: 2F 0-2: Ball 1-2: Fly out, F5 (Popup, 5, EV 75.0 MPH)
|
Bottom of the 2nd over - 1 run, 1 hit, 0 errors, 1 left on base; Lake County 2 - Cedar Rapids 1 |
TOP OF THE 3RD |
Lake County Captains batting - Pitching for Cedar Rapids Kernels : LHP Bobby Shaw
|
Batting: RHB George Wagner
|
0-0: Ball 1-0: Foul Ball, location: 2F 1-1: Ball 2-1: Swinging Strike 2-2: Ball 3-2: Strikes out looking
|
Batting: RHB Steve Gusman
|
0-0: Ball 1-0: Swinging Strike 1-1: Foul Ball, location: 2F 1-2: Strikes out swinging
|
Batting: RHB Josh Patterson
|
0-0: Ball 1-0: Ball 2-0: SINGLE (Groundball, 56D, EV 100.6 MPH)
|
Batting: LHB Jeff Palmowski
|
0-0: Ball 1-0: SINGLE (Groundball, 4MD, EV 106.9 MPH) (infield hit) Josh Patterson to second
|
Batting: RHB Carlos Salazar
|
0-0: Foul Ball, location: 2F 0-1: Foul Ball, location: 2F 0-2: Ball 1-2: Strikes out looking
|
Top of the 3rd over - 0 runs, 2 hits, 0 errors, 2 left on base; Lake County 2 - Cedar Rapids 1 |
BOTTOM OF THE 3RD |
Cedar Rapids Kernels batting - Pitching for Lake County Captains : RHP Jeff Degel
|
Batting: RHB Dave Berry
|
0-0: Ball 1-0: DOUBLE (Line Drive, 89M, EV 96.9 MPH)
|
Batting: RHB Kevin Harris
|
0-0: Fly out, F8 (Flyball, 8RS, EV 96.9 MPH)
|
Batting: RHB Steve Raine
|
0-0: SINGLE (Groundball, 56D, EV 100.0 MPH) Dave Berry to third Runner from 3rd tries for Home, throw by LF and OUT! 7-2
|
Batting: LHB Kuemon Shishido
|
0-0: Called Strike 0-1: Ball 1-1: Ball 2-1: SINGLE (Groundball, 6MD, EV 95.0 MPH) Steve Raine to second Runner from 2nd tries for 3rd, SAFE, throw by CF made to third
|
Batting: LHB Shaun Price
|
0-0: Called Strike 0-1: Foul Ball, location: 2F 0-2: Foul Ball, location: 2F 0-2: Ball 1-2: Strikes out swinging
|
Bottom of the 3rd over - 0 runs, 3 hits, 0 errors, 2 left on base; Lake County 2 - Cedar Rapids 1 |
TOP OF THE 4TH |
Lake County Captains batting - Pitching for Cedar Rapids Kernels : LHP Bobby Shaw
|
Batting: RHB Chris Diaz
|
0-0: Called Strike 0-1: SINGLE (Groundball, 4MD, EV 101.9 MPH)
|
Batting: LHB Aaron Caron
|
0-0: Foul Ball, location: 2F 0-1: Ball 1-1: Ball 2-1: Ball Wild Pitch! Chris Diaz to second 3-1: Foul Ball, location: 2F 3-2: SINGLE (Groundball, 56D, EV 103.1 MPH) Chris Diaz to third
|
Batting: LHB Rich Walker
|
0-0: Called Strike 0-1: Ball 1-1: Ball 2-1: Ball 3-1: Swinging Strike 3-2: Base on Balls Aaron Caron to second
|
Batting: RHB Jeremy Givens
|
0-0: Called Strike 0-1: Foul Ball, location: 2F 0-2: Ball 1-2: Strikes out swinging
|
Batting: RHB George Wagner
|
0-0: Ball 1-0: Ball 2-0: Foul Ball, location: 2F 2-1: Swinging Strike 2-2: Fly out, F7 (Flyball, 7, EV 91.2 MPH) Runner from 3rd tags up, SCORES, throw by LF Aaron Caron to third
|
Batting: RHB Steve Gusman
|
0-0: Ball 1-0: Ball 2-0: Called Strike 2-1: Fly out, F8 (Flyball, 8RD, EV 100.0 MPH)
|
Top of the 4th over - 1 run, 2 hits, 0 errors, 2 left on base; Lake County 3 - Cedar Rapids 1 |
BOTTOM OF THE 4TH |
Cedar Rapids Kernels batting - Pitching for Lake County Captains : RHP Jeff Degel
|
Batting: RHB Nate Matson
|
0-0: Swinging Strike 0-1: Called Strike 0-2: Strikes out swinging
|
Batting: LHB Marvin Shepherd
|
0-0: Foul Ball, location: 2F 0-1: SINGLE (Groundball, 6M, EV 103.8 MPH) (infield hit)
|
Batting: LHB Hector Olvera
|
0-0: Called Strike 0-1: Ball 1-1: Ball 2-1: Swinging Strike 2-2: Foul Ball, location: 2F 2-2: Ball 3-2: Strikes out swinging
|
Batting: RHB Andrew Rich
|
0-0: Called Strike 0-1: Foul Ball, location: 2F 0-2: Ball 1-2: Fielders Choice at 2nd, 5-4 (Groundball, 56, EV 80.0 MPH)
|
Bottom of the 4th over - 0 runs, 1 hit, 0 errors, 1 left on base; Lake County 3 - Cedar Rapids 1 |
TOP OF THE 5TH |
Lake County Captains batting - Pitching for Cedar Rapids Kernels : LHP Bobby Shaw
|
Pitching: RHP Andy Symons
|
|
Batting: RHB Josh Patterson
|
0-0: Foul Ball, location: 2F 0-1: Fly out, F9 (Flyball, 9LD, EV 103.1 MPH)
|
Batting: LHB Jeff Palmowski
|
0-0: Foul Ball, location: 2F 0-1: Called Strike 0-2: Foul Ball, location: 2F 0-2: Strikes out swinging
|
Batting: RHB Carlos Salazar
|
0-0: Called Strike 0-1: Ball 1-1: Foul Ball, location: 2F 1-2: Strikes out swinging
|
Top of the 5th over - 0 runs, 0 hits, 0 errors, 0 left on base; Lake County 3 - Cedar Rapids 1 |
BOTTOM OF THE 5TH |
Cedar Rapids Kernels batting - Pitching for Lake County Captains : RHP Jeff Degel
|
Batting: RHB Dave Berry
|
0-0: Ball 1-0: Foul Ball, location: 2F 1-1: Foul Ball, location: 2F 1-2: Strikes out swinging
|
Batting: RHB Kevin Harris
|
0-0: Ball 1-0: Ground out 1-3 (Groundball, 13S, EV 73.1 MPH)
|
Batting: RHB Steve Raine
|
0-0: Ball 1-0: Ground out 6-3 (Groundball, 6M, EV 81.2 MPH)
|
Bottom of the 5th over - 0 runs, 0 hits, 0 errors, 0 left on base; Lake County 3 - Cedar Rapids 1 |
TOP OF THE 6TH |
Lake County Captains batting - Pitching for Cedar Rapids Kernels : RHP Andy Symons
|
Batting: RHB Chris Diaz
|
0-0: Reached on error, E4 (Groundball, 4, EV 106.2 MPH)
|
Batting: LHB Aaron Caron
|
0-0: Ball 1-0: Ball 2-0: Ball 3-0: Called Strike 3-1: Base on Balls
|
Batting: LHB Rich Walker
|
0-0: Ball 1-0: Ball 2-0: Ball Wild Pitch! Chris Diaz to third Aaron Caron to second 3-0: Called Strike 3-1: Foul Ball, location: 2F 3-2: Strikes out swinging
|
Batting: RHB Jeremy Givens
|
0-0: Ball 1-0: Fly out, F8 (Flyball, 8LD, EV 98.1 MPH) Runner from 3rd tags up, OUT at HOME! 8-2
|
Top of the 6th over - 0 runs, 0 hits, 1 error, 1 left on base; Lake County 3 - Cedar Rapids 1 |
BOTTOM OF THE 6TH |
Cedar Rapids Kernels batting - Pitching for Lake County Captains : RHP Jeff Degel
|
Batting: LHB Kuemon Shishido
|
0-0: Ball 1-0: Swinging Strike 1-1: Foul Ball, location: 2F 1-2: Hit by Pitch
|
Batting: LHB Shaun Price
|
0-0: Foul Ball, location: 2F 0-1: Ball 1-1: Ball 2-1: Grounds into double play, 4-6-3 (Groundball, 4, EV 102.5 MPH)
|
Batting: RHB Nate Matson
|
0-0: Ball 1-0: Swinging Strike 1-1: Ball 2-1: Ball 3-1: Swinging Strike 3-2: Base on Balls
|
Batting: LHB Marvin Shepherd
|
0-0: Foul Ball, location: 2F 0-1: Ball 1-1: Ball 2-1: Ball 3-1: Base on Balls Nate Matson to second
|
Batting: LHB Hector Olvera
|
0-0: Ground out U3 (Groundball, 3, EV 109.4 MPH)
|
Bottom of the 6th over - 0 runs, 0 hits, 0 errors, 2 left on base; Lake County 3 - Cedar Rapids 1 |
TOP OF THE 7TH |
Lake County Captains batting - Pitching for Cedar Rapids Kernels : RHP Andy Symons
|
Pitching: RHP Bruce Wight
|
|
Batting: RHB George Wagner
|
0-0: Foul Ball, location: 2F 0-1: Called Strike 0-2: Ball 1-2: Strikes out swinging
|
Batting: RHB Steve Gusman
|
0-0: Ball 1-0: Ball 2-0: TRIPLE (Line Drive, 89XD, EV 108.8 MPH)
|
Batting: RHB Josh Patterson
|
0-0: Ball 1-0: Called Strike 1-1: Ball 2-1: Foul Ball, location: 2F 2-2: Strikes out swinging
|
Batting: LHB Jeff Palmowski
|
0-0: Fly out, F8 (Line Drive, 8LD, EV 90.6 MPH)
|
Top of the 7th over - 0 runs, 1 hit, 0 errors, 1 left on base; Lake County 3 - Cedar Rapids 1 |
BOTTOM OF THE 7TH |
Cedar Rapids Kernels batting - Pitching for Lake County Captains : RHP Jeff Degel
|
Now at 2B: John Bianconi
|
|
Now in LF: Steve Gusman
|
|
Batting: RHB Andrew Rich
|
0-0: Ball 1-0: Ball 2-0: Called Strike 2-1: Ball 3-1: Base on Balls
|
Batting: RHB Dave Berry
|
0-0: Ball 1-0: Swinging Strike 1-1: Ball Andrew Rich steals 2nd base 2-1: Ground out 5-3 (Groundball, 5S, EV 68.1 MPH) Andrew Rich to third
|
Batting: RHB Kevin Harris
|
0-0: Ball 1-0: Called Strike 1-1: Ball 2-1: Foul Ball, location: 2F 2-2: Ground out 6-3 (Groundball, 6S, EV 85.0 MPH) Andrew Rich scores
|
Batting: RHB Steve Raine
|
0-0: Ball 1-0: Called Strike 1-1: Foul Ball, location: 2F 1-2: Strikes out swinging
|
Bottom of the 7th over - 1 run, 0 hits, 0 errors, 0 left on base; Lake County 3 - Cedar Rapids 2 |
TOP OF THE 8TH |
Lake County Captains batting - Pitching for Cedar Rapids Kernels : RHP Bruce Wight
|
Pitching: LHP Josh Armstrong
|
|
Batting: RHB John Bianconi
|
0-0: Ball 1-0: Foul Ball, location: 2F 1-1: Ball 2-1: Ball 3-1: Base on Balls
|
Batting: RHB Chris Diaz
|
0-0: Bunt missed! 0-1: Bunt missed! 0-2: Fielders Choice at 2nd, 6-4 (Groundball, 6, EV 99.4 MPH)
|
Batting: LHB Aaron Caron
|
0-0: SINGLE (Flyball, 5D, EV 84.4 MPH) Chris Diaz to second
|
Batting: LHB Rich Walker
|
0-0: Foul Ball, location: 2F 0-1: Grounds into double play, 4-6-3 (Groundball, 4, EV 93.8 MPH)
|
Top of the 8th over - 0 runs, 1 hit, 0 errors, 1 left on base; Lake County 3 - Cedar Rapids 2 |
BOTTOM OF THE 8TH |
Cedar Rapids Kernels batting - Pitching for Lake County Captains : RHP Jeff Degel
|
Pitching: LHP Valentin Ciubotariu
|
|
Batting: LHB Kuemon Shishido
|
0-0: Ball 1-0: Fly out, F9 (Flyball, 89D, EV 101.2 MPH)
|
Batting: LHB Shaun Price
|
0-0: Called Strike 0-1: Ball 1-1: Called Strike 1-2: Foul Ball, location: 2F 1-2: Foul Ball, location: 2F 1-2: Fly out, F5 (Popup, 5SF, EV 66.9 MPH)
|
Batting: RHB Nate Matson
|
0-0: Called Strike 0-1: Called Strike 0-2: Strikes out swinging
|
Bottom of the 8th over - 0 runs, 0 hits, 0 errors, 0 left on base; Lake County 3 - Cedar Rapids 2 |
TOP OF THE 9TH |
Lake County Captains batting - Pitching for Cedar Rapids Kernels : LHP Josh Armstrong
|
Pitching: RHP Steven Legge
|
|
Pinch Hitting: LHB Brandon Hopper
|
0-0: Ball 1-0: Fly out, F9 (Flyball, 89M, EV 83.1 MPH)
|
Batting: RHB George Wagner
|
0-0: Called Strike 0-1: Ball 1-1: Swinging Strike 1-2: Fly out, F9 (Line Drive, 9D, EV 92.5 MPH)
|
Batting: RHB Steve Gusman
|
0-0: Called Strike 0-1: Ball 1-1: Reached via error on a dropped throw from SS, E3 (Groundball, 6S, EV 86.9 MPH)
|
Batting: RHB Josh Patterson
|
0-0: Ball Steve Gusman is caught stealing 2nd base 2-4
|
Top of the 9th over - 0 runs, 0 hits, 1 error, 0 left on base; Lake County 3 - Cedar Rapids 2 |
BOTTOM OF THE 9TH |
Cedar Rapids Kernels batting - Pitching for Lake County Captains : LHP Valentin Ciubotariu
|
Pitching: RHP Justin Stone
|
|
Now at SS: Adam McMillen
|
|
Batting: LHB Marvin Shepherd
|
0-0: Ball 1-0: Ball 2-0: Called Strike 2-1: Foul Ball, location: 2F 2-2: Strikes out swinging
|
Batting: LHB Hector Olvera
|
0-0: Ball 1-0: Ball 2-0: Ball 3-0: Foul Ball, location: 2F 3-1: Foul Ball, location: 2F 3-2: Strikes out looking
|
Batting: RHB Andrew Rich
|
0-0: Called Strike 0-1: Ball 1-1: Foul Ball, location: 2F 1-2: Foul Ball, location: 2F 1-2: Ball 2-2: Foul Ball, location: 2F 2-2: Strikes out swinging
|
Bottom of the 9th over - 0 runs, 0 hits, 0 errors, 0 left on base; Lake County 3 - Cedar Rapids 2 |
|